 Dungeon Sprint DCSS version 0.18.1-6-gd335043 (webtiles) character file.

13689 Hipnos the Ninja (level 11, -21/49 HPs)
             Began as a Spriggan Enchanter on May 20, 2016.
             Was the Champion of Sif Muna.
             Killed from afar by a fire giant (30 damage)
             ... with a bolt of fire
             ... in the Dungeon (Sprint I: "Red Sonja").
             The game lasted 00:21:26 (2891 turns).

Hipnos the Ninja (Spriggan Enchanter)               Turns: 2891, Time: 00:21:26

Health: -21/49     AC: 12    Str:  4    XL:     11   Next: 78%
Magic:  19/27      EV: 20    Int: 20    God:    Sif Muna [******]
Gold:   227        SH:  4    Dex: 23    Spells: 3 memorised, 27 levels left

rFire  . . .     SeeInvis +     o - +2 dagger (protect)
rCold  . . .     Gourm    .     q - +0 swamp dragon armour of the Pit {rPois Dex+6} (curse)
rNeg   . . .     Faith    .     (shield restricted)
rPois  +         Spirit   .     (helmet restricted)
rElec  .         Dismiss  .     (no cloak)
rCorr  .         Reflect  +     (gloves unavailable)
SustAt .         Harm     .     (boots unavailable)
MR     +....     NoTele   +     n - +4 amulet of reflection
Stlth  ++++++++++               (no ring)
                                (no ring)

@: very quick, somewhat resistant to hostile enchantments, uncannily stealthy
A: unfitting armour, see invisible, herbivore 3, speed 3, slow metabolism 2
a: Channel Energy, Forget Spell, Renounce Religion


You were in the Dungeon.
You worshipped Sif Muna.
Sif Muna was exalted by your worship.
You were full.

You visited 1 branch You collected 1642 gold pieces.
You spent 1415 gold pieces at shops.

Inventory:

Hand Weapons
 a - a +1 dagger
 o - a +2 dagger of protection (weapon)
Armour
 b - a +1 robe
 i - a +2 robe of magic resistance
 q - the cursed +0 swamp dragon armour of the Pit (worn) {rPois Dex+6}
   (You found it in the Dungeon)

   It affects your dexterity (+6).
   It protects you from poison.
   It has a curse placed upon it.
Jewellery
 n - a +4 amulet of reflection (around neck)
Scrolls
 j - a scroll of blinking
 k - a scroll of vulnerability {unknown}
 l - a scroll of magic mapping {unknown}
 s - a scroll of enchant weapon {unknown}
Potions
 e - 3 potions of curing
 g - 2 potions of haste
 h - a potion of magic
 p - a potion of degeneration {unknown}
Books
 c - a book of Maledictions

   Spells                             Type                      Level
   a - Corona                         Hexes                        1
   b - Ensorcelled Hibernation        Hexes/Ice                    2
   c - Confuse                        Hexes                        3
   d - Tukima's Dance                 Hexes                        3
   e - Dazzling Spray                 Conjuration/Hexes            3
 d - Alofreyz's Almanac of the Venomous Mountains
   (Sif Muna gifted it to you in the Dungeon)

   Spells                             Type                      Level
   a - Sandblast                      Earth                        1
   b - Passwall                       Transmutation/Earth          2
   c - Ignite Poison                  Fire/Transmutation/Poison    3
   d - Spider Form                    Transmutation/Poison         3
   e - Petrify                        Transmutation/Earth          4
   f - Statue Form                    Transmutation/Earth          6
   g - Lehudib's Crystal Spear        Conjuration/Earth            8
 r - Sif Muna's Disquisition on Creative Bewitchment
   (Sif Muna gifted it to you in the Dungeon)

   Spells                             Type                      Level
   a - Confusing Touch                Hexes                        2
   b - Slow                           Hexes                        2
   c - Tukima's Dance                 Hexes                        3
   d - Cause Fear                     Hexes                        4
   e - Silence                        Hexes/Air                    5
   f - Summon Demon                   Summoning                    5
Comestibles
 m - 3 fruits


   Skills:
 + Level 1.5 Fighting
 + Level 5.2 Short Blades
 + Level 2.9 Armour
 + Level 10.7 Dodging
 O Level 27 Stealth
 + Level 11.5 Spellcasting
 * Level 19.4 Hexes
 - Level 2.0 Ice Magic


You had 27 spell levels left.
You knew the following spells:

 Your Spells              Type           Power        Failure   Level  Hunger
a - Corona                Hex            ######.      0%          1    None
b - Ensorcelled Hibernat  Hex/Ice        ######       1%          2    None
c - Confuse               Hex            ######..     1%          3    None


Dungeon Overview and Level Annotations

Branches:
Dungeon (1/1)

Altars:
Cheibriados
Dithmenos
Elyvilon
Fedhas
Gozag
Kikubaaqudgha
Makhleb
Nemelex Xobeh
Okawaru
Pakellas
Qazlal
Ru
Sif Muna
Trog
Vehumet
Xom
Yredelemnul
Zin
The Shining One
Jiyva

Shops:
D *![[=%![=?=(::([!

Annotations:
D Norris


Innate Abilities, Weirdness & Mutations

You are tiny and cannot use many weapons and most armour.
You have supernaturally acute eyesight.
You are a herbivore.
You cover ground extremely quickly.
You need consume almost no food.


Message History

Aiming: Confuse
Press: ? - help, Shift-Dir - straight line, f/p - fire giant
Aim: a fire giant, wielding a great sword of flaming (chance to defeat MR: 31%)
The fire giant easily resists.
Casting: Confuse
Confirm with . or Enter, or press ? or * to list all spells.
Aiming: Confuse
Press: ? - help, Shift-Dir - straight line, f/p - fire giant
Aim: a fire giant, wielding a great sword of flaming (chance to defeat MR: 31%)
The fire giant easily resists.
The fire giant gestures at you while chanting.
The fireball explodes!
The fireball engulfs you!
Ouch! That really hurt!
* * * LOW HITPOINT WARNING * * *
Drink which item? (? for menu, Esc to quit)
You feel better.
The fire giant points at you and mumbles some strange words.
The bolt of fire hits you!
Ouch! That really hurt!
You die...

###.'.#..§###++##.##..$#
#.###.#.^## #..#+###
'.∩##.#..# ##...#
#####.##'# ###.#
...##.##(# #.#
....§.#### #.# #####§#
####'# ..§§#.# ###....#
...#§§#($$#####.@.####
..≈####(..CCCC..### .≈≈#
$....##### ≈≈## ... ###
. '### #∩∩# ∩∩## ###


You could see 4 fire giants.

Vanquished Creatures
  A lorocyproca (D)
  2 centaur warriors (D)
  Sonja (D)
  A deep troll (D)
  A lindwurm (D)
  7 unseen horrors (D)
  A shining eye (D)
  An oklob plant (D)
  A gargoyle (D)
  2 kobold demonologists (D)
  3 demonic crawlers (D)
  A slime creature (D)
  2 redbacks (D)
  13 hogs (D)
  A yak (D)
  Sigmund (D)
  5 giant eyeballs (D)
  7 necrophages (D)
  A wasp (D)
  An ogre (D)
  8 jellies (D)
  Ijyb (D)
  5 ballistomycetes (D)
67 creatures vanquished.

Vanquished Creatures (others)
  A siren (D)
  A gargoyle (D)
  A giant eyeball (D)
  4 wasps (D)
  4 giant spores (D)
11 creatures vanquished.

Grand Total: 78 creatures vanquished

Notes
Turn   | Place    | Note
--------------------------------------------------------------
     0 | D        | Hipnos the Spriggan Enchanter began the quest for the Orb.
     0 | D        | Reached XP level 1. HP: 9/9 MP: 5/5
     1 | D        | Noticed Ijyb
    10 | D        | Killed Ijyb
    10 | D        | Reached skill level 6 in Stealth
    10 | D        | Reached XP level 2. HP: 13/13 MP: 7/7
    48 | D        | Learned a level 2 spell: Ensorcelled Hibernation
    59 | D        | Noticed an ogre
    62 | D        | Killed an ogre
    62 | D        | Reached skill level 9 in Stealth
    62 | D        | Reached XP level 3. HP: 16/16 MP: 7/9
    62 | D        | Reached XP level 4. HP: 21/21 MP: 8/11
    67 | D        | Learned a level 3 spell: Confuse
    76 | D        | Noticed Sigmund
    79 | D        | Killed Sigmund
    79 | D        | Reached skill level 5 in Dodging
    79 | D        | Reached skill level 11 in Stealth
    79 | D        | Reached skill level 5 in Spellcasting
    79 | D        | Reached skill level 10 in Hexes
    79 | D        | Reached XP level 5. HP: 24/24 MP: 9/13
   103 | D        | Found a deep blue altar of Sif Muna.
   105 | D        | Found a radiant altar of Vehumet.
   109 | D        | Became a worshipper of Sif Muna the Loreminder
   111 | D        | Reached skill level 12 in Stealth
   111 | D        | Reached XP level 6. HP: 28/28 MP: 14/14
   119 | D        | Found Adocupau's Distillery.
   119 | D        | Found a white marble altar of Elyvilon.
   119 | D        | Found a stormy altar of Qazlal.
   119 | D        | Found a burning altar of Makhleb.
   119 | D        | Found a sacrificial altar of Ru.
   119 | D        | Found an oddly glowing altar of Pakellas.
   119 | D        | Found a basalt altar of Yredelemnul.
   119 | D        | Found a glowing golden altar of the Shining One.
   119 | D        | Found a sparkling altar of Nemelex Xobeh.
   119 | D        | Found a shimmering altar of Xom.
   119 | D        | Found an opulent altar of Gozag.
   119 | D        | Found an ancient bone altar of Kikubaaqudgha.
   119 | D        | Found a glowing silver altar of Zin.
   119 | D        | Noticed a yak
   120 | D        | Found an iron altar of Okawaru.
   121 | D        | Killed a yak
   121 | D        | Reached * piety under Sif Muna
   121 | D        | Reached skill level 13 in Stealth
   139 | D        | Found a bloodstained altar of Trog.
   173 | D        | Noticed Sonja
   177 | D        | Killed Sonja
   177 | D        | Reached ** piety under Sif Muna
   177 | D        | Reached skill level 16 in Stealth
   177 | D        | Reached XP level 7. HP: 32/32 MP: 15/17
   189 | D        | Noticed a deep troll
   192 | D        | Killed a deep troll
   192 | D        | Reached *** piety under Sif Muna
   192 | D        | Reached skill level 18 in Stealth
   192 | D        | Reached XP level 8. HP: 36/36 MP: 14/19
   202 | D        | Found Culeob's Armour Emporium.
   267 | D        | Found a snail-covered altar of Cheibriados.
   267 | D        | Found a viscous altar of Jiyva.
   267 | D        | Found a shadowy altar of Dithmenos.
   267 | D        | Found a blossoming altar of Fedhas.
   267 | D        | Noticed a slime creature
   270 | D        | Killed a slime creature
   285 | D        | Noticed a kobold demonologist
   286 | D        | Noticed a kobold demonologist
   290 | D        | Killed a kobold demonologist
   290 | D        | Reached skill level 19 in Stealth
   290 | D        | Reached XP level 9. HP: 39/39 MP: 19/21
   291 | D        | Killed a kobold demonologist
   291 | D        | Reached **** piety under Sif Muna
   291 | D        | Reached skill level 20 in Stealth
   291 | D        | Reached skill level 15 in Hexes
   345 | D        | Noticed a demonic crawler
   345 | D        | Noticed a demonic crawler
   345 | D        | Noticed a demonic crawler
   345 | D        | Noticed a demonic crawler
   614 | D        | Noticed a centaur warrior
   614 | D        | Noticed a centaur warrior
   616 | D        | Killed a centaur warrior
   616 | D        | Reached ***** piety under Sif Muna
   616 | D        | Reached skill level 21 in Stealth
   618 | D        | Killed a centaur warrior
   657 | D        | Bought a potion of beneficial mutation for 455 gold pieces
   658 | D        | Gained mutation: You have large cloven feet. [potion of beneficial mutation]
   683 | D        | Noticed an oklob plant
   685 | D        | Killed an oklob plant
   685 | D        | Reached skill level 22 in Stealth
   685 | D        | Reached XP level 10. HP: 44/44 MP: 23/23
   734 | D        | Noticed an unseen horror
   734 | D        | Noticed an unseen horror
   739 | D        | Killed an unseen horror
   739 | D        | Reached skill level 23 in Stealth
   741 | D        | Killed an unseen horror
   741 | D        | Reached skill level 24 in Stealth
   741 | D        | Reached skill level 1 in Ice Magic
   765 | D        | Reached skill level 1 in Fighting
   927 | D        | Got a fine swamp dragon armour
   938 | D        | Identified the cursed +0 swamp dragon armour of the Pit {rPois Dex+6} (You found it in the Dungeon)
   956 | D        | Found Deixusytt's Armour Shoppe.
   956 | D        | Found Ediem's Armour Shop.
   956 | D        | Found Tiunteg's Jewellery Boutique.
   958 | D        | Found Uricerphi's Food Emporium.
   958 | D        | Found Nagh's Distillery.
   958 | D        | Found Binukuac's Armour Shoppe.
   958 | D        | Found Qovimm's Jewellery Boutique.
   958 | D        | Found Zoagahak's Magic Scroll Emporium.
   958 | D        | Found Xexyev's Jewellery Shop.
   958 | D        | Found Suerim's Weapon Shoppe.
   961 | D        | Found Deynn's Book Boutique.
   964 | D        | Found Hufism's Weapon Emporium.
   964 | D        | Found Reamy's Book Boutique.
   965 | D        | Found Osoly's Distillery.
   973 | D        | Bought a potion of beneficial mutation for 385 gold pieces
   974 | D        | Gained mutation: You have an increased reservoir of magic (+10% MP). [potion of beneficial mutation]
  1019 | D        | Found Huttop's General Store.
  1029 | D        | Noticed a shining eye
  1029 | D        | Noticed a shining eye
  1029 | D        | Noticed a shining eye
  1029 | D        | Noticed a shining eye
  1029 | D        | Noticed a shining eye
  1029 | D        | Noticed a shining eye
  1032 | D        | Gained mutation: You occasionally shout uncontrollably at your foes. [a shining eye]
  1033 | D        | Reached ****** piety under Sif Muna
  1033 | D        | Gained mutation: Your spells are a little easier to cast, but a little less powerful. [a shining eye]
  1034 | D        | Lost mutation: Your spells are a little easier to cast, but a little less powerful. [a shining eye]
  1039 | D        | Gained mutation: You are frail (-10% HP). [a shining eye]
  1040 | D        | Gained mutation: You are dopey. (Int -2) [a shining eye]
  1044 | D        | Paralysed by a giant eyeball for 3 turns
  1051 | D        | Gained mutation: You are weak. (Str -2) [a shining eye]
  1053 | D        | Gained mutation: You sometimes yell uncontrollably at your foes. [a shining eye]
  1055 | D        | Killed a shining eye
  1055 | D        | Received a gift from Sif Muna
  1055 | D        | Reached skill level 25 in Stealth
  1056 | D        | Identified Sif Muna's Disquisition on Creative Bewitchment (Sif Muna gifted it to you in the Dungeon)
  1056 | D        | Lost strength.
  1056 | D        | Gained mutation: You are very weak. (Str -4) [a shining eye]
  1635 | D        | Bought a potion of cure mutation for 275 gold pieces
  1635 | D        | Lost mutation: You are frail (-10% HP). [potion of cure mutation]
  1635 | D        | Lost mutation: You sometimes yell uncontrollably at your foes. [potion of cure mutation]
  1635 | D        | Lost mutation: You have an increased reservoir of magic (+10% MP). [potion of cure mutation]
  1635 | D        | Lost mutation: You have large cloven feet. [potion of cure mutation]
  1635 | D        | Lost mutation: You are very weak. (Str -4) [potion of cure mutation]
  1635 | D        | Lost mutation: You are dopey. (Int -2) [potion of cure mutation]
  2147 | D        | Killed a gargoyle
  2360 | D        | Reached skill level 10 in Dodging
  2492 | D        | Reached XP level 11. HP: 49/49 MP: 18/25
  2554 | D        | Reached skill level 1 in Armour
  2563 | D        | Noticed a lindwurm
  2565 | D        | Killed a lindwurm
  2565 | D        | Reached skill level 10 in Spellcasting
  2595 | D        | Noticed Norris
  2596 | D        | Noticed a lorocyproca
  2602 | D        | Killed a lorocyproca
  2683 | D        | Bought a potion of cure mutation for 300 gold pieces
  2683 | D        | Lost mutation: You occasionally shout uncontrollably at your foes. [potion of cure mutation]
  2683 | D        | Lost mutation: You are weak. (Str -2) [potion of cure mutation]
  2749 | D        | Received a gift from Sif Muna
  2750 | D        | Identified Alofreyz's Almanac of the Venomous Mountains (Sif Muna gifted it to you in the Dungeon)
  2827 | D        | Reached skill level 26 in Stealth
  2862 | D        | Noticed a daeva
  2865 | D        | Noticed an unseen horror
  2865 | D        | Noticed an unseen horror
  2865 | D        | Noticed an unseen horror
  2866 | D        | Noticed an unseen horror
  2868 | D        | Killed an unseen horror
  2869 | D        | Noticed an unseen horror
  2870 | D        | Killed an unseen horror
  2870 | D        | Reached skill level 5 in Short Blades
  2871 | D        | Killed an unseen horror
  2871 | D        | Reached skill level 27 in Stealth
  2873 | D        | Killed an unseen horror
  2876 | D        | Killed an unseen horror
  2880 | D        | Noticed a fire giant
  2883 | D        | Noticed a fire giant
  2884 | D        | Noticed a fire giant
  2885 | D        | Noticed a fire giant
  2891 | D        | Killed from afar by a fire giant

Skill      XL: |  1  2  3  4  5  6  7  8  9 10 11 |
---------------+----------------------------------+-----
Stealth        | 6 9 11 12 16 18 19 22 25 27 | 27.0
Spellcasting   | 3 4 5 6 7 8 9 11 | 11.5
Hexes          | 6 8 10 13 14 16 17 19 | 19.4
Dodging        | 4 5 7 8 10 | 10.7
Short Blades   | 2 3 4 5 |  5.2
Ice Magic      | 1 2 |  2.0
Fighting       | 1 |  1.5
Armour         | 2 |  2.9

Action                   |  1- 3 |  4- 6 |  7- 9 | 10-12 || total
-------------------------+-------+-------+-------+-------++-------
Melee: Dagger            |     7 |     4 |     9 |   159 ||   179
       Kick              |       |       |       |    37 ||    37
 Cast: Ensorcelled Hiber |       |       |     1 |    18 ||    19
       Confuse           |       |       |     2 |    41 ||    43
  Use: Potion            |     1 |       |     1 |     6 ||     8
 Stab: Sleeping          |     1 |     4 |     9 |    38 ||    52
       Confused          |       |       |       |    10 ||    10
  Eat: Bread ration      |       |       |       |     1 ||     1
Armor: Robe              |       |       |     4 |     7 ||    11
       Swamp dragon armo |       |       |       |    55 ||    55
Dodge: Dodged            |     1 |       |    16 |   100 ||   117
Block: Other             |       |       |       |    26 ||    26
